Map: Echo LE (Void)

Players

Shamanas

  • Race: Terran Terran

IIIIIIIIII - Winner!

  • Race: Zerg Zerg

VOD

Have the link to the VOD?

Description

Time

  • Played on: May 2, 2015, 5:57 a.m.
  • Length: 11:12
Show
View Real Time Build Order
Export as new Build Order

Shamanas Terran 

Build Orders: Reaper Expand 

Get SALT Encoding   

  12  0:01  SCV  
  13  0:13  SCV  
  14  0:17  Supply Depot  
  14  0:25  SCV  
  15  0:39  Refinery  
  15  0:41  Barracks  
  15  0:44  SCV  
  16  0:56  SCV  
  17  1:08  SCV  
  18  1:20  SCV  
  19  1:28  Reaper  
  19  1:32  Orbital Command  
  20  1:41  Command Center  
  20  1:50  Supply Depot  
  20  1:59  SCV  
  21  2:03  Barracks Reactor  
  21  2:11  SCV  
  22  2:17  Factory  
  22  2:22  Refinery  
  22  2:23  SCV  
  23  2:35  SCV  
  24  2:41  Command Center  
  24  2:47  SCV  
  25  2:55  Orbital Command  
  25  2:56  Marine x2  
  26  3:00  Factory Tech Lab  
  26  3:06  SCV  
  26  3:11  Factory  
  26  3:18  Marine x2  
  28  3:24  SCV x2  
  29  3:35  Cyclone  
  29  3:36  SCV x2  
  29  3:39  Marine  
  29  3:40  Marine  
  36  3:49  SCV x2, Bunker  
  36  3:54  Orbital Command  
  38  4:01  SCV  
  40  4:02  SCV  
  40  4:12  Cyclone  
  40  4:13  SCV, Hellion x2  
  48  4:19  SCV  
  48  4:22  SCV  
  50  4:25  Armory, SCV  
  50  4:31  SCV  
  50  4:34  SCV  
  50  4:37  Supply Depot  
  50  4:38  SCV, Supply Depot  
  53  4:41  Hellion x2  
  53  4:44  SCV, Refinery  
  58  4:46  SCV  
  59  4:56  SCV x2  
  65  5:00  Cyclone, Starport, Orbital Command  
  64  5:11  Supply Depot  
  64  5:17  Refinery  
  64  5:18  SCV x2  
  69  5:35  Hellion x2  
  69  5:36  Cyclone  
  69  5:37  SCV x3  
  75  5:49  SCV  
  74  5:58  Starport Tech Lab  
  74  5:59  Hellbat x2  
  74  6:02  Starport  
  74  6:03  SCV x3, Factory  
  81  6:04  Factory  
  81  6:06  Refinery  
  81  6:07  Refinery  
  81  6:19  SCV x3  
  81  6:23  Supply Depot  
  81  6:24  Supply Depot  
  84  6:27  Command Center  
  84  6:33  Supply Depot x2  
  84  6:43  SCV, Missile Turret  
  84  6:44  SCV x2  
  84  6:45  Missile Turret  
  84  6:46  Missile Turret, Starport Reactor  
  85  6:47  Missile Turret  
  85  6:49  Terran Vehicle and Ship Weapons Level 1, Fusion Core  
  85  6:51  Factory Tech Lab, Factory Reactor  
  85  6:52  Cyclone  
  88  6:55  SCV  
  88  6:58  Missile Turret  
  88  6:59  SCV x2, Missile Turret  
  91  7:08  SCV  
  92  7:11  SCV x2  
  92  7:14  Cyclone, Hellion  
  92  7:15  Banshee, Hellion  
  101  7:17  Cloaking Field  
  104  7:29  Viking  
  101  7:30  Viking  
  101  7:31  Cyclone  
  101  7:32  Hellion x2  
  101  7:34  SCV  
  101  7:35  SCV x2  
  109  7:41  Orbital Command  
  103  7:47  Cyclone  
  103  7:48  Hellion x4, Hellbat  
  103  7:49  Hellbat  
  108  8:15  Hellbat x4  
  108  8:16  Cyclone  
  119  8:24  SCV x3  
  122  8:30  Starport  
  122  8:31  Starport  
  122  8:32  Starport  
  122  8:34  Starport  
  120  8:40  Unknown, Missile Turret, Orbital Command  
  120  8:41  Missile Turret  
  112  8:47  Missile Turret  
  104  8:53  Cyclone  
  104  8:54  Hellbat x2  
  104  8:55  Hellbat x2  
  113  8:56  Viking  
  115  9:09  Missile Turret x2  
  111  9:12  SCV x2  
  111  9:15  Cyclone  
  109  9:26  Missile Turret  
  109  9:30  Cyclone  
  111  9:32  Viking x2  
  111  9:33  Viking  
  111  9:34  SCV  
  111  9:35  SCV  
  110  9:42  Viking x3  
  103  10:03  Cyclone  
  103  10:06  Hellbat x2  
  95  10:10  Viking x2  
  80  10:30  Viking x3  
  82  10:35  Orbital Command  
  82  10:41  SCV x2  
  76  10:47  Hellbat x2  
  76  10:48  Hellbat  
  71  10:53  SCV x2  
  71  10:54  Missile Turret  
  71  10:56  Missile Turret  
  67  10:58  Missile Turret  
Show
View Real Time Build Order
Export as new Build Order

IIIIIIIIII Zerg - Winner!

Build Orders: Pool First, Muta Ling Bane 

Get SALT Encoding   

  12  0:01  Drone  
  13  0:12  Overlord  
  13  0:17  Drone  
  14  0:30  Drone x2  
  14  0:34  Drone  
  17  0:48  Drone, Spawning Pool  
  17  0:56  Drone  
  18  1:17  Hatchery  
  17  1:23  Drone  
  18  1:34  Queen  
  18  1:35  Zergling x2  
  18  1:37  Drone  
  22  1:41  Extractor  
  21  1:49  Drone  
  21  1:51  Overlord  
  22  2:12  Queen  
  24  2:18  Hatchery  
  24  2:20  Drone x2  
  25  2:30  Queen  
  25  2:35  Drone  
  28  2:40  Drone  
  29  2:45  Overlord  
  29  3:05  Metabolic Boost, Zergling x4  
  31  3:07  Drone x3  
  31  3:12  Drone x2  
  35  3:21  Drone  
  35  3:22  Drone  
  37  3:32  Drone x2, Queen  
  41  3:34  Overlord  
  41  3:46  Drone x4  
  41  3:47  Drone  
  41  3:48  Drone  
  47  3:55  Drone  
  47  3:56  Drone x3  
  51  4:04  Extractor  
  51  4:05  Roach Warren  
  49  4:17  Drone x8  
  51  4:21  Extractor  
  51  4:22  Extractor  
  51  4:24  Lair  
  55  4:41  Extractor x2  
  55  4:44  Baneling Nest  
  52  4:56  Drone  
  52  4:57  Drone x5  
  52  4:58  Overlord  
  52  4:59  Overlord x5  
  57  5:20  Roach  
  57  5:21  Roach x8  
  75  5:22  Roach  
  77  5:35  Roach x2  
  81  5:36  Roach x4  
  85  5:55  Centrifical Hooks  
  85  5:56  Spire  
  80  6:05  Drone x2  
  80  6:06  Drone x4  
  86  6:13  Drone x5  
  86  6:14  Drone  
  86  6:15  Drone x3  
  95  6:32  Glial Reconstitution  
  95  6:39  Hatchery  
  94  6:43  Infestation Pit  
  94  6:45  Overlord  
  94  6:46  Overlord x4  
  93  7:00  Spine Crawler  
  92  7:02  Spine Crawler x2  
  90  7:15  Mutalisk  
  88  7:16  Mutalisk x10  
  88  7:18  Mutalisk  
  98  7:45  Mutalisk x4  
  98  7:48  Zergling x24  
  98  7:49  Zergling x4  
  110  8:01  Overseer  
  110  8:04  Mutalisk  
  110  8:05  Mutalisk  
  112  8:10  Baneling  
  112  8:11  Baneling x5  
  112  8:12  Baneling  
  114  8:13  Hatchery  
  113  8:33  Mutalisk  
  113  8:34  Mutalisk x3  
  114  8:37  Zergling x18  
  123  8:58  Zergling x8  
  123  8:59  Zergling x6  
  123  9:00  Baneling  
  123  9:01  Baneling x9  
  117  9:30  Mutalisk  
  117  9:31  Mutalisk x5  
  119  9:33  Zergling x18  
  119  9:38  Zergling x2  
  137  9:42  Hive  
  137  9:50  Queen  
  137  9:51  Drone x3  
  142  9:54  Zergling x2  
  142  9:55  Zergling x14  
  142  9:56  Zergling x2  
  142  9:57  Baneling  
  142  9:58  Baneling x3  
  151  10:00  Extractor  
  151  10:05  Extractor  
  137  10:12  Zergling x2  
  137  10:13  Zergling x16  
  137  10:14  Zergling x2  
  145  10:15  Zergling x2  
  137  10:24  Zergling x2  
  137  10:25  Zergling x12  
  140  10:37  Drone x9  
Tags
 
Add a new tag
Caveats
  • Supply blocks, unpowered buildings, or Contaminate may cause inaccurate times.
  • Supply counts are checked every 10 seconds.